 Dungeon Crawl Stone Soup version 0.23.0 (webtiles) character file.

Game seed: 15223113028634851087

398 Borgoz the Cutter (level 6, 0/52 HPs)
             Began as a Ghoul Gladiator on Feb 17, 2019.
             Slain by a sky beast (6 damage)
             ... on level 5 of the Dungeon.
             The game lasted 00:08:38 (3596 turns).

Borgoz the Cutter (Ghoul Gladiator)                 Turns: 3596, Time: 00:08:39

Health: 0/52       AC:  5    Str: 15 (18) XL:     6   Next: 83%
Magic:  5/5        EV: 13    Int:  1 (4)  God:
Gold:   221        SH:  0    Dex: 10 (11) Spells: 5/5 levels left

rFire    . . .     SeeInvis .   a - +0 rapier
rCold    + . .     Gourm    .   (no shield)
rNeg     + + +     Faith    .   b - +0 leather armour
rPois    ∞         Spirit   .   c - +0 helmet
rElec    .         Reflect  .   (no cloak)
rCorr    .         Harm     .   (no gloves)
MR       +....                  m - +0 pair of boots {run}
Stlth    +.........             (no amulet)
HPRegen  0.00/turn              j - ring of protection from magic
MPRegen  0.09/turn              (no ring)

@: rotting, quick
A: rotting body, claws 1, carnivore, cold resistance 1, negative energy
resistance 3, inhibited regeneration, torment resistance, unbreathing
a: no special abilities


You were on level 5 of the Dungeon.
You were not hungry.

You visited 1 branch of the dungeon, and saw 5 of its levels.

You collected 221 gold pieces.

Inventory:

Hand Weapons
 a - a +0 rapier (weapon)
Missiles
 d - 4 throwing nets (quivered)
 g - 34 poisoned needles
Armour
 b - a +0 leather armour (worn)
 c - a +0 helmet (worn)
 m - a +0 pair of boots of running (worn)
Jewellery
 j - a ring of protection from magic (left claw)
 l - an uncursed amulet of regeneration {unknown}
Scrolls
 h - 7 scrolls of identify {unknown}
 i - a scroll of magic mapping
 k - a scroll of immolation {unknown}
 q - 2 scrolls of fog {unknown}
 r - a scroll of enchant weapon {unknown}
 t - a scroll of remove curse
 u - a scroll of blinking {unknown}
Comestibles
 f - 5 rations
 n - a chunk of flesh


   Skills:
 + Level 3.9 Fighting
 * Level 4.7 Short Blades
 - Level 1.7 Throwing
 * Level 4.7 Dodging


You had 5 spell levels left.
You didn't know any spells.
Your spell library was empty.

Dungeon Overview and Level Annotations

Branches:
Dungeon (5/15)             Temple (0/1) D:5

Altars:
Cheibriados
Kikubaaqudgha
Makhleb
Nemelex Xobeh
Uskayaw
Xom
The Shining One

Shops:
D:4 *

Annotations:
D:4 2 transporters, barbarian's ghost, amateur OpTm


Innate Abilities, Weirdness & Mutations

Your body is rotting away.
You thrive on raw meat.
You are immune to poison.
You have sharp fingernails.
You are carnivorous and can eat meat at any time.
Your flesh is cold resistant. (rC+)
You are immune to negative energy. (rN+++)
You do not regenerate when monsters are visible.
You are immune to unholy pain and torment.
You can survive without breathing.


Message History

You miss the sky beast.
The sky beast is lightly wounded.
The sky beast misses you.
You miss the sky beast.
The sky beast is lightly wounded.
The sky beast misses you.
You hit the sky beast.
The sky beast is moderately wounded.
You hit the sky beast but do no damage.
The sky beast is moderately wounded.
The sky beast closely misses you.
You aren't carrying any potions.
Eat a chunk of flesh? (ye/n/q)
Okay, then.
As you read the scroll labeled UDOPLUSTAMEX, it crumbles to dust.
You feel aware of your surroundings.
It was a scroll of magic mapping.
The sky beast hits you.
* * * LOW HITPOINT WARNING * * *
The sky beast shocks you.
You die...

###..#**,..# ###.##...,,*,*
****..**,,,* #.##..#***,*#***
*,,,*.,**,,***####.##..# *,,..,,,
,,,,,,,,,*,,,,,..#.##..##*,.#****
**,,,*,*,,,****#.#.##...##..#
**,***,**#######.#..........#
**,*,,,,,.......gg...g..##.##
,,,*,*,,,....###Y##÷.......#
****,****#**** #@######.####
,,,*,* #.# *.# ,,,,,* #.# *.#
,,,,,* #.# *.# ,,,,,* #$# *.#****
,,,,,* #.# *..,,,* ,,,,,**** #.#
*##**,** ,,,,,,,,* #.# **,,,**
*,,,,,,,* *,* **,,,,,**


You could see a sky beast and 2 gnolls.

Vanquished Creatures
  A howler monkey (D:5)
  3 hounds (D:4)
  An orc wizard (D:4)
  A bullfrog skeleton (D:4)
  Ijyb (D:3)
  9 adders
  An ooze (D:3)
  An adder skeleton (D:4)
  4 worms
  4 leopard geckos
  5 orcs (D:4)
  8 bats
  3 giant cockroaches
  11 goblins
  4 hobgoblins
  2 jackals (D:1)
  A quokka (D:2)
  2 ball pythons (D:3)
  5 frilled lizards
  12 kobolds
  9 rats
  A plant (D:2)
89 creatures vanquished.

Notes
Turn   | Place    | Note
-------+----------+-------------------------------------------
     0 | D:1      | Borgoz the Ghoul Gladiator began the quest for the Orb.
     0 | D:1      | Reached XP level 1. HP: 17/17 MP: 0/0
   178 | D:1      | Reached XP level 2. HP: 25/25 MP: 1/1
   638 | D:2      | Reached XP level 3. HP: 26/30 MP: 2/2
   881 | D:2      | Reached XP level 4. HP: 35/37 MP: 3/3
   917 | D:2      | Found a glowing golden altar of the Shining One.
  1236 | D:2      | Found a snail-covered altar of Cheibriados.
  1237 | D:2      | Found an ancient bone altar of Kikubaaqudgha.
  1243 | D:2      | Found a shimmering altar of Xom.
  1578 | D:3      | Noticed Ijyb
  1587 | D:3      | Paralysed by Ijyb for 2 turns
  1612 | D:3      | Killed Ijyb
  1612 | D:3      | Reached XP level 5. HP: 22/45 MP: 4/4
  1952 | D:3      | Found a hide-covered altar of Uskayaw.
  2251 | D:3      | Found a sparkling altar of Nemelex Xobeh.
  2354 | D:3      | Found a burning altar of Makhleb.
  2665 | D:4      | Reached XP level 6. HP: 26/51 MP: 5/5
  2681 | D:4      | HP: 2/51 [hound (4)]
  2854 | D:4      | Identified a +0 pair of boots of running (You found it on
                  | level 4 of the Dungeon)
  2876 | D:4      | Found a transporter.
  2898 | D:4      | Noticed barbarian's ghost (amateur OpTm)
  2902 | D:4      | Found a transporter.
  2917 | D:4      | Found Yhisuj Rui's Assorted Antiques.
  3211 | D:5      | Entered Level 5 of the Dungeon
  3259 | D:5      | Noticed a phantom
  3569 | D:5      | Noticed a sky beast
  3596 | D:5      | Slain by a sky beast

Skill      XL: |  1  2  3  4  5 |
---------------+----------------+-----
Short Blades   | 3 4 |  4.7
Dodging        | 3 4 |  4.7
Fighting       | 3 |  3.9
Throwing       | |  1.7

Action                   |  1- 3 |  4- 6 || total
-------------------------+-------+-------++-------
Melee: Rapier            |    89 |   336 ||   425
  Use: Scroll            |       |     2 ||     2
       Potion            |       |     9 ||     9
 Stab: Sleeping          |       |     1 ||     1
  Eat: Chunk             |     4 |    18 ||    22
Armor: Leather armour    |    38 |    63 ||   101
Dodge: Dodged            |    62 |   203 ||   265
